 Dungeon Crawl Stone Soup version 0.30-a0-1160-g6e42c06551 (webtiles) character file.

Game seed: 2766970087475198078

44 Orangeyouglad the Cudgeller (level 3, -3/29 HPs)
             Began as a Human Monk on Apr 26, 2023.
             Slain by a gnoll
             ... wielding a +0 spear
              (5 damage)
             ... on level 2 of the Dungeon.
             The game lasted 00:01:22 (1271 turns).

Orangeyouglad the Cudgeller (Human Monk)            Turns: 1271, Time: 00:01:22

Health: -3/29      AC:  8    Str: 13    XL:     3   Next: 85%
Magic:  3/3        EV: 11    Int: 10    God:
Gold:   40         SH:  0    Dex: 15    Spells: 2/2 levels left

rFire   . . .        a - +0 mace
rCold   . . .        d - orb {light}
rNeg    . . .        p - +0 ring mail
rPois   .            (no helmet)
rElec   .            (no cloak)
rCorr   .            (no gloves)
SInv    .            s - +2 pair of boots
Will    .....        (no amulet)
Stlth   +            (no ring)
HPRegen 0.24/turn    (no ring)
MPRegen 0.08/turn

%: no passive effects
@: glowing
A: no striking features
a: no special abilities


You were on level 2 of the Dungeon.
You visited 1 branch of the dungeon, and saw 2 of its levels.

You collected 40 gold pieces.

Inventory:

Hand Weapons
 a - a +0 mace (weapon)
Missiles
 r - a throwing net (quivered)
Armour
 b - a +0 robe
 d - an orb of light (worn)
 i - a +0 pair of boots
 p - a +0 ring mail (worn)
 s - a +2 pair of boots (worn)
Scrolls
 e - a scroll of teleportation {unknown}
 f - a scroll of enchant weapon {unknown}
 g - a scroll of poison {unknown}
 j - a scroll of silence {unknown}
 k - a scroll of amnesia {unknown}
 m - a scroll of magic mapping {unknown}
 o - a scroll of vulnerability {unknown}
Potions
 c - a potion of ambrosia
 h - a potion of heal wounds {unknown}
 l - a potion of curing {unknown}
 n - 2 potions of mutation {unknown}
 q - a potion of flight {unknown}


   Skills:
 + Level 3.5 Fighting
 + Level 3.5 Maces & Flails
 + Level 3.5 Dodging


You had 2 spell levels left.
You didn't know any spells.
Your spell library was empty.

Dungeon Overview and Level Annotations

Branches:
Dungeon (2/15)

Altars:


Message History

The ball python bites you but does no damage.
The ball python constricts you.
You sock the ball python!
You kill the ball python!
A gnoll is nearby!
A gnoll is nearby!
The gnoll shouts!
The gnoll hits you from afar with a +0 spear.
The gnoll shouts!
The gnoll hits you with a +0 spear.
You hit the gnoll.
The gnoll is moderately wounded.
The gnoll hits you with a +0 spear. x2
You hit the gnoll.
The gnoll is severely wounded.
The gnoll hits you but does no damage.
You barely miss the gnoll.
The gnoll is severely wounded.
The gnoll barely misses you.
The gnoll hits you from afar with a +0 spear.
You hit the gnoll.
The gnoll is almost dead.
The gnoll closely misses you. The gnoll barely misses you.
You hit the gnoll.
You kill the gnoll!
The gnoll hits you from afar with a +0 spear.
The gnoll closely misses you.
You hit the gnoll but do no damage. The gnoll hits you with a +0 spear. x2
* * * LOW HITPOINT WARNING * * *
You hit the gnoll.
The gnoll is moderately wounded.
The gnoll hits you but does no damage.
You hit the gnoll but do no damage.
The gnoll is moderately wounded.
The gnoll hits you with a +0 spear.
* * * LOW HITPOINT WARNING * * *
You hit the gnoll.
The gnoll is severely wounded.
The gnoll hits you with a +0 spear.
You die...

#.# ##.##.#.# #..# #...###
#.# .....#.... ...##.#..##
... ##........# #.....#.##
#........# #........
#........# ##......#
#........###.##......##
####..#...#..##....).# #
#..)...........#..##
#.#####..@g........#.#..#.
...##..###.#.#.....##...
#.#...###.#.......##...
..####......................
#.........####..###.......#.
###..............#..###...#.
######...#.###..........##
#.....
#........#.#...####.#...#
##.... #........#...###
#.#...## ##.##


You could see a gnoll.

Vanquished Creatures
  An adder (D:2)
  2 gnolls (D:2)
  A bat (D:1)
  2 giant cockroaches (D:1)
  3 goblins
  2 hobgoblins
  A quokka (D:1)
  2 ball pythons
  2 frilled lizards
16 creatures vanquished.

Notes
Turn   | Place    | Note
-------+----------+-------------------------------------------
     0 | D:1      | Orangeyouglad the Human Monk began the quest for the Orb.
     0 | D:1      | Reached XP level 1. HP: 18/18 MP: 1/1
   261 | D:1      | Reached XP level 2. HP: 23/24 MP: 2/2
   661 | D:2      | Reached XP level 3. HP: 9/29 MP: 3/3
  1270 | D:2      | HP: 1/29 [gnoll/+0 spear (2)]
  1271 | D:2      | Slain by a gnoll

Illustrated notes

Levels and vault maps discovered:
D:1:      dpeg_arrival_pits, layout_loops_ring,
          nicolae_concentric_dashed_squares_mild, minivault_11
D:2:      layout_rooms

Action                     || total
---------------------------++-------
  Melee: Mace              ||    63
 Armour: Robe              ||     8
         Ring mail         ||    15
  Dodge: Dodged            ||    64

Table legend: (Time is in decaauts)
 A = Elapsed time spent in this place.
 B = Non-inter-level travel time spent in this place.
 C = Inter-level travel time spent in this place.
 D = Time resting spent in this place.
 E = Time spent auto-exploring this place.
 F = Levels seen in this place.
 G = Mean time per level.
                   A        B        C        D        E       F      G
               +--------+--------+--------+--------+--------+-----+--------+
         Total |   1287 |   1257 |     30 |    242 |    726 |   2 |  643.5 |
       Dungeon |   1287 |   1257 |     30 |    242 |    726 |   2 |  643.5 |
               +--------+--------+--------+--------+--------+-----+--------+

Top non-repeatable levels by time:
     D:1: 812 daAuts
     D:2: 475 daAuts
